 Dungeon Crawl Stone Soup version 0.22.1-2-g9c5b331 (webtiles) character file.

74 JustSomeDude the Skirmisher (level 4, 0/37 HPs)
             Began as a Demonspawn Abyssal Knight on Jan 2, 2019.
             Was a Believer of Lugonu.
             Slain by a worm (15 damage)
             ... on level 2 of the Dungeon.
             The game lasted 00:04:56 (1937 turns).

JustSomeDude the Skirmisher (DsAK)                  Turns: 1937, Time: 00:04:57

Health: 0/37       AC:  7    Str: 13    XL:     4   Next: 10%
Magic:  5/5        EV: 10    Int: 13    God:    Lugonu [**....]
Gold:   98         SH:  0    Dex: 13    Spells: 3/3 levels left

rFire    . . .     SeeInvis .   a - +1 hand axe
rCold    . . .     Gourm    .   (no shield)
rNeg     . . .     Faith    .   f - +0 ring mail
rPois    .         Spirit   .   (helmet restricted)
rElec    .         Reflect  .   (no cloak)
rCorr    .         Harm     .   (no gloves)
MR       .....                  (no boots)
Stlth    +.........             (no amulet)
HPRegen  0.12/turn              (no ring)
MPRegen  0.09/turn              (no ring)

@: no status effects
A: horns 1, yellow scales 1
a: Depart the Abyss, Bend Space, Renounce Religion


You were on level 2 of the Dungeon.
You worshipped Lugonu.
Lugonu was pleased with you.
You were not hungry.

You visited 1 branch of the dungeon, and saw 2 of its levels.
You visited the Abyss 1 time.

You collected 98 gold pieces.

Inventory:

Hand Weapons
 a - a +1 hand axe (weapon)
Armour
 b - a +0 leather armour
 f - a +0 ring mail (worn)
Scrolls
 d - 2 scrolls of identify {unknown}
 h - 2 scrolls of magic mapping {unknown}
 i - a scroll of fear {unknown}
 j - 2 scrolls of random uselessness {unknown}
Potions
 e - a potion of degeneration {unknown}
 g - a potion of lignification {unknown}
 k - a potion of ambrosia {unknown}
 l - a potion of curing {unknown}
Comestibles
 c - 4 rations
 m - 3 chunks of flesh


   Skills:
 + Level 3.8 Fighting
 + Level 2.7 Axes
 + Level 2.3 Armour
 + Level 1.1 Dodging
 + Level 0.3 Stealth
 + Level 2.5 Invocations


You had 3 spell levels left.
You didn't know any spells.
Your spell library was empty.

Dungeon Overview and Level Annotations

Branches:
Dungeon (2/15)

Altars:
Trog


Innate Abilities, Weirdness & Mutations

You have a pair of small horns on your head.
You are partially covered in yellow scales. (AC +2)


Message History

You are too injured to fight recklessly!
You are too injured to fight recklessly!
You hit the worm.
The worm is almost dead.
You hit the worm. The worm bites you but does no damage.
The worm closely misses you.
You hit the worm.
The worm is almost dead.
You hit the worm. The worm bites you. The worm closely misses you.
You hit the worm.
You kill the worm!
Lugonu accepts your kill.
You hit the worm. The worm bites you but does no damage.
You hit the worm.
The worm is heavily wounded.
The worm barely misses you.
You barely miss the worm.
The worm is heavily wounded.
The worm bites you!
You die...

###### #....### #.##...##
####.####..##
##.......##..#
##.........##.#
#...........#.#
#....###@w..#.#
#...##y##†..#.#
#....###....#.#
##.........##.###########
#)..._....##............
##))..)..#######.#######
###...###......>.[.....
#### ###############


You could see a moth of wrath and a worm (berserk).

Vanquished Creatures
  3 adders (D:2)
  A worm (D:2)
  An adder zombie (D:2)
  2 dart slugs (D:1)
  3 bats (D:1)
  6 goblins
  5 hobgoblins
  4 jackals (D:2)
  3 frilled lizards
  3 kobolds
  7 rats
38 creatures vanquished.

Notes
Turn   | Place    | Note
-------+----------+-------------------------------------------
     0 | Abyss:1  | JustSomeDude the Demonspawn Abyssal Knight began the quest
                  | for the Orb.
     0 | Abyss:1  | Reached XP level 1. HP: 18/18 MP: 2/2
     2 | Abyss:1  | Found a bloodstained altar of Trog.
    15 | D:1      | Escaped the Abyss
   246 | D:1      | Gained mutation: You are partially covered in yellow
                  | scales. (AC +2) [demonic ancestry]
   246 | D:1      | Reached XP level 2. HP: 7/24 MP: 3/3
  1070 | D:1      | Reached skill level 1 in Dodging
  1070 | D:1      | Reached ** piety under Lugonu
  1502 | D:2      | Reached XP level 3. HP: 30/30 MP: 4/4
  1871 | D:2      | Gained mutation: You have a pair of small horns on your
                  | head. [demonic ancestry]
  1871 | D:2      | Reached XP level 4. HP: 32/37 MP: 5/5
  1911 | D:2      | Noticed a moth of wrath
  1914 | D:2      | Found a bloodstained altar of Trog.
  1937 | D:2      | Slain by a worm

Skill      XL: |  1  2 |
---------------+-------+-----
Axes           | 2 |  2.7
Dodging        | 1 |  1.1
Armour         | 2 |  2.3
Fighting       | |  3.8
Stealth        | |  0.3
Invocations    | |  2.5

Action                   |  1- 3 |  4- 6 || total
-------------------------+-------+-------++-------
Melee: Hand axe          |   128 |    20 ||   148
       Headbutt          |       |     2 ||     2
  Eat: Chunk             |     3 |       ||     3
Armor: Leather armour    |    19 |       ||    19
       Ring mail         |    43 |     8 ||    51
Dodge: Dodged            |    67 |    16 ||    83
